 Dungeon Crawl Stone Soup version 0.29-a0-23-ga79f92ac9c (webtiles) character file.

Game seed: 6787454408500620657

272 timneilson the Shield-Bearer (level 6, -2/38 HPs)
             Began as a Gargoyle Fighter on Jan 30, 2022.
             Slain by a gnoll (8 damage)
             ... on level 4 of the Dungeon.
             The game lasted 00:04:58 (3742 turns).

timneilson the Shield-Bearer (Gargoyle Fighter)     Turns: 3742, Time: 00:04:59

Health: -2/38      AC: 12    Str: 21    XL:     6   Next: 23%
Magic:  6/6        EV:  9    Int:  9    God:
Gold:   117        SH:  4    Dex:  9    Spells: 5/5 levels left

rFire   . . .      SeeInvis .   a - +1 long sword
rCold   . . .      Faith    .   c - +0 buckler
rNeg    + . .      Spirit   .   b - +0 scale mail
rPois   ∞          Reflect  .   p - +0 helmet
rElec   +          Harm     .   (no cloak)
rCorr   .          Rampage  .   (no gloves)
Will    .....                   (no boots)
Stlth   ..........              (no amulet)
HPRegen 0.12/turn               (no ring)
MPRegen 0.10/turn               (no ring)

@: mighty
A: sickness immunity, AC +4, negative energy resistance 1, electricity
resistance, torment resistance 1, petrification resistance
a: no special abilities


You were on level 4 of the Dungeon.
You visited 1 branch of the dungeon, and saw 4 of its levels.

You collected 117 gold pieces.

Inventory:

Hand Weapons
 a - a +1 long sword (weapon)
Armour
 b - a +0 scale mail (worn)
 c - a +0 buckler (worn)
 p - a +0 helmet (worn)
Jewellery
 l - an amulet of magic regeneration
 r - a ring of ice
Wands
 j - a wand of flame (19)
 q - a wand of acid (5)
Scrolls
 e - 4 scrolls of teleportation
Potions
 f - a potion of curing
 g - a potion of mutation
 h - a potion of lignification
 m - a potion of magic {unknown}
 n - a potion of brilliance {unknown}


   Skills:
 + Level 4.0 Fighting
 * Level 3.0 Long Blades
 * Level 4.5 Armour
 + Level 1.3 Dodging
 * Level 4.6 Shields
 + Level 1.2 Evocations


You had 5 spell levels left.
You didn't know any spells.
Your spell library contained the following spells:

 Spells                   Type           Power      Damage    Failure   Level
 Animate Skeleton         Necr           0%         N/A       80%         1
 Pain                     Necr           0%         1d4       80%         1
 Slow                     Hex            0%         N/A       80%         1
 Confusing Touch          Hex            0%         N/A       99%         3
 Inner Flame              Hex/Fire       0%         N/A       99%         3
 Vampiric Draining        Necr           0%         2d6       99%         3
 Cause Fear               Hex            0%         N/A       100%        4
 Discord                  Hex            0%         N/A       100%        8


Dungeon Overview and Level Annotations

Branches:
Dungeon (4/15)
 Temple: D:4-7

Altars:

Annotations:
D:4 Pikel


Innate Abilities, Weirdness & Mutations

You are immune to sickness and miasma.
Your stone body is resilient. (AC +4)
You are immune to poison.
You resist negative energy. (rN+)
You are resistant to electric shocks. (rElec)
You are resistant to unholy torment.
You are immune to petrification.


Message History

A gnoll comes into view. It is wielding a +0 halberd.
A gnoll comes into view. It is wielding a +0 club.
A gnoll comes into view. It is wielding a +0 whip.
There is an open door here.
You feel very mighty all of a sudden.
The gnoll hits you from afar with a +0 spear.
The gnoll hits you but does no damage.
You slash the gnoll!
The gnoll is almost dead.
The gnoll hits you with a +0 spear.
The gnoll hits you from afar with a +0 halberd!
You slash the gnoll!
You kill the gnoll!
The gnoll shaman barely misses you. You block the gnoll's attack.
The gnoll shaman hits you with a +0 club.
You barely miss the gnoll shaman. The gnoll hits you but does no damage.
The gnoll shaman hits you with a +0 club.
The gnoll shouts!
You hit the gnoll shaman.
The gnoll shaman is moderately wounded.
You hear a shout!
You block the gnoll's attack.
The gnoll shaman hits you with a +0 club.
A gnoll comes into view. It is wielding a +1 whip of flaming.
The gnoll throws a throwing net.
The throwing net closely misses you.
The gnoll shouts!
The gnoll shaman completely misses you.
Things that are here:
a +0 spear; a gnoll corpse You slash the gnoll shaman!
The gnoll shaman is almost dead.
The gnoll shaman mumbles some strange prayers to its god.
The gnoll shaman is healed somewhat.
The gnoll closely misses you.
The gnoll shaman hits you with a +0 club!
* * * LOW HITPOINT WARNING * * *
Unknown command.
You barely miss the gnoll shaman.
The gnoll shaman is heavily wounded.
The gnoll hits you but does no damage. The gnoll hits you with a +0 halberd!
You die...

###.........#
#...........#
#...#...........#
#...#...........#
#...#...........#
#...#.(.........#
#...#...........#
#.. #.......g...#
##'###.......@g..#
#.....########g###
#.....#.......g..#
#.....#.....$....#
#.....#.....g....#
#.....#..........#
#.....#....g.....#
#.....#.g........#
#.....#..........#


You could see a gnoll shaman and 3 gnolls.

Vanquished Creatures
  A necrophage (D:4)
  A jelly (D:3)
  Jessica (D:3)
  A gnoll (D:4)
  5 adders
  A worm (D:2)
  5 ball pythons
  7 bats
  8 endoplasms
  4 giant cockroaches
  7 goblins
  6 hobgoblins
  3 jackals (D:1)
  4 quokkas
  5 frilled lizards
  8 kobolds
  4 rats
71 creatures vanquished.

Notes
Turn   | Place    | Note
-------+----------+-------------------------------------------
     0 | D:1      | timneilson the Gargoyle Fighter began the quest for the
                  | Orb.
     0 | D:1      | Reached XP level 1. HP: 14/14 MP: 1/1
   231 | D:1      | Reached XP level 2. HP: 14/19 MP: 2/2
   643 | D:1      | Found a faded altar of an unknown god.
  1163 | D:1      | Reached XP level 3. HP: 23/23 MP: 3/3
  2030 | D:2      | Reached XP level 4. HP: 28/28 MP: 4/4
  2510 | D:3      | Reached skill level 1 in Dodging
  2797 | D:3      | Reached XP level 5. HP: 28/33 MP: 5/5
  3228 | D:3      | Noticed Jessica
  3235 | D:3      | Killed Jessica
  3236 | D:3      | Reached skill level 1 in Evocations
  3624 | D:4      | Noticed a lemure
  3625 | D:4      | Noticed a lemure
  3626 | D:4      | Noticed Pikel
  3673 | D:4      | Noticed a necrophage
  3687 | D:4      | Killed a necrophage
  3688 | D:4      | Reached XP level 6. HP: 32/38 MP: 6/6
  3742 | D:4      | Slain by a gnoll

Illustrated notes

Levels and vault maps discovered:
D:1:      tarquinn_simple_flora_water_d, layout_loops_corners,
          basic_ecumenical_altar
D:2:      layout_basic, minmay_fractal_squares_5
D:3:      minmay_chambers_of_threes, layout_basic, uniq_jessica
D:4:      layout_gridville, minmay_temple_entry_statues_pillars,
          gup_ossuary_entry_pyramid, hangedman_abyss_or_decor_jellyfish_corner,
          uniq_pikel, uniq_blork_the_orc, uniq_ijyb, uniq_robin

Skill      XL: |  1  2  3  4  5 |
---------------+----------------+-----
Long Blades    | 2 3 |  3.0
Shields        | 4 |  4.6
Armour         | 4 |  4.5
Dodging        | 1 |  1.3
Evocations     | 1 |  1.2
Fighting       | 4 |  4.0

Action                   |  1- 3 |  4- 6 || total
-------------------------+-------+-------++-------
Melee: Long sword        |   151 |   113 ||   264
  Use: Scroll            |     1 |     7 ||     8
       Potion            |       |     1 ||     1
Armor: Scale mail        |    86 |    53 ||   139
Dodge: Dodged            |    89 |    47 ||   136
Block: Buckler           |    43 |    26 ||    69

Table legend: (Time is in decaauts)
 A = Elapsed time spent in this place.
 B = Non-inter-level travel time spent in this place.
 C = Inter-level travel time spent in this place.
 D = Time resting spent in this place.
 E = Time spent auto-exploring this place.
 F = Levels seen in this place.
 G = Mean time per level.
                   A        B        C        D        E       F      G
               +--------+--------+--------+--------+--------+-----+--------+
         Total |   3830 |   3765 |     65 |    517 |   2503 |   4 |  957.5 |
       Dungeon |   3830 |   3765 |     65 |    517 |   2503 |   4 |  957.5 |
               +--------+--------+--------+--------+--------+-----+--------+

Top non-repeatable levels by time:
     D:1: 1436 daAuts
     D:3: 1422 daAuts
     D:2: 893 daAuts
     D:4: 77 daAuts
